 Dungeon Crawl Stone Soup version 0.27-a0-1139-g28e009f8a6 (webtiles) character file.

Game seed: 910287994110965472

1796 senseless the Skirmisher (level 8, 0/65 HPs)
             Began as a Demonspawn Berserker on May 7, 2021.
             Was an Elder of Trog.
             Slain by a steam dragon (6 damage)
             ... on level 7 of the Dungeon.
             The game lasted 00:19:25 (6642 turns).

senseless the Skirmisher (Demonspawn Berserker)     Turns: 6642, Time: 00:19:26

Health: 0/65       AC: 12    Str: 22    XL:     8   Next: 83%
Magic:  8/8        EV: 13    Int: 14    God:    Trog [****..]
Gold:   443        SH:  0    Dex: 13    Spells: 7/7 levels left

rFire    . . .     SeeInvis .   t - +12 mace of Jov Gag {vorpal, rElec rPois rC++}
rCold    + + .     Faith    .   (no shield)
rNeg     . . .     Spirit   .   c - +3 leather armour
rPois    +         Reflect  .   m - +2 hat
rElec    +         Harm     .   y - +0 cloak
rCorr    .         Rampage  .   (no gloves)
Will     .....                  k - +1 pair of boots
Stlth    +.........             e - amulet of the acrobat
HPRegen  0.20/turn              w - +6 ring of intelligence
MPRegen  0.11/turn              (no ring)

@: no status effects
A: claws 1, demonic guardian 1, ignite blood 1, sharp scales 1, mutation
resistance 1, strong 1
a: Renounce Religion, Berserk, Trog's Hand, Brothers in Arms


You were on level 7 of the Dungeon.
You worshipped Trog.
Trog was greatly pleased with you.
You visited 1 branch of the dungeon, and saw 7 of its levels.
You also visited: Ossuary.

You collected 443 gold pieces.

Inventory:

Hand Weapons
 a - a +1 hand axe
 t - the +12 mace of Jov Gag (weapon) {vorpal, rElec rPois rC++}
   (You found it on level 5 of the Dungeon)

   It inflicts extra damage upon your enemies.
   It greatly protects you from cold.
   It insulates you from electricity.
   It protects you from poison.
Armour
 b - a +0 animal skin
 c - a +3 leather armour (worn)
 h - a +0 pair of gloves
 j - a +2 robe of resistance
 k - a +1 pair of boots (worn)
 m - a +2 hat (worn)
 n - a +0 pair of boots
 p - a +0 kite shield
 y - a +0 cloak (worn)
Jewellery
 e - an amulet of the acrobat (around neck)
 w - a +6 ring of intelligence (left claw)
Wands
 D - a wand of polymorph (12)
Scrolls
 d - 3 scrolls of fear
 l - 3 scrolls of teleportation
Potions
 f - a potion of flight {unknown}
 g - 3 potions of haste
 i - a potion of invisibility {unknown}
 o - a potion of mutation
 q - 2 potions of brilliance
 r - 4 potions of curing
 s - 3 potions of attraction
 u - a potion of berserk rage {unknown}
 v - a potion of ambrosia {unknown}
 x - 2 potions of magic {unknown}
 z - a potion of cancellation {unknown}
 A - a potion of lignification {unknown}
 B - a potion of resistance {unknown}
 C - a potion of heal wounds {unknown}


   Skills:
 * Level 6.8 Fighting
 - Level 5.3(5.7) Axes
 + Level 2.9(4.5) Maces & Flails
 + Level 4.1 Armour
 + Level 4.4 Dodging
 - Level 1.1 Stealth
 + Level 3.0 Shields


You had 7 spell levels left.
You didn't know any spells.
Your spell library contained the following spells:

 Spells                   Type           Power      Damage    Failure   Level
 Beastly Appendage        Tmut           0%         N/A       32%         1
 Wereblood                Tmut           0%         N/A       45%         2
 Spider Form              Tmut/Pois      0%         N/A       69%         3
 Ice Form                 Ice/Tmut       0%         N/A       97%         4
 Hydra Form               Tmut           0%         N/A       100%        5


Dungeon Overview and Level Annotations

Branches:
Dungeon (7/15)            Ossuary (visited)
 Temple: D:4-7

Altars:
Gozag
Qazlal
Xom


Innate Abilities, Weirdness & Mutations

You have sharp fingernails.
A weak demonic guardian rushes to your aid.
Your demonic aura sometimes causes spilled blood to erupt in flames.
You are partially covered in razor-sharp scales. (AC +1, Slay +1)
You are somewhat resistant to further mutation.
Your muscles are strong. (Str +2)


Message History

You swap places.
Things that are here:
+0 steam dragon scales; a steam dragon corpse You start resting.
A steam dragon comes into view.
You swap places.
The steam dragon breathes steam at you. The ball of steam hits your iron imp.
Your iron imp resists.
You start resting.
Your iron imp disappears in a puff of smoke!
A steam dragon is nearby!
You start resting.
A steam dragon is nearby!
The steam dragon completely misses you.
The steam dragon claws you but does no damage.
You are too injured to fight recklessly!
You are too injured to fight recklessly!
You hit the steam dragon.
The steam dragon is lightly wounded.
The steam dragon bites you but does no damage.
The steam dragon closely misses you.
You hit the steam dragon.
The steam dragon is moderately wounded.
The steam dragon completely misses you. The steam dragon claws you.
You hit the steam dragon.
The steam dragon is heavily wounded.
The steam dragon breathes steam at you. The ball of steam hits you!
* * * LOW HITPOINT WARNING * * *
The steam dragon bites you but does no damage.
The steam dragon claws you.
* * * LOW HITPOINT WARNING * * *
A demonic guardian appears!
You thump the steam dragon!
The steam dragon is severely wounded.
You are engulfed in a cloud of scalding steam.
* * * LOW HITPOINT WARNING * * *
The steam dragon bites you.
You die...

D## .≈# #§≈#
##§.≈#.....
##.§.≈#.....
#§.§.##.... #≈5.#
#...# #≈D####...#
#≈.@..##..#
##≈.§..#..#
###§.§§....#
..#§≈§..#.##
.##≈§.##.#
#.######.#
####.####.#.#####
#..<............#
#
#.##..##..#.###.#
..


You could see a steam dragon (catching breath, ally target) and a friendly iron
imp (summoned).

Vanquished Creatures
  A wraith (Ossuary)
  3 steam dragons
  A black bear (D:5)
  2 centaurs
  A phantom (D:6)
  A kobold brigand (D:6)
  A bullfrog (D:6)
  A vampire bat (D:7)
  A centaur zombie (D:5)
  A gnoll shaman (D:6)
  4 hounds
  A jelly (D:4)
  2 orc priests
  A scorpion zombie (D:5)
  3 iguanas
  An orc wizard (D:3)
  A hound skeleton (D:4)
  A mummy (Ossuary)
  4 gnolls (D:6)
  12 adders
  4 river rats (D:5)
  A white imp (D:5)
  4 dart slugs
  13 orcs
  10 bats
  7 endoplasms
  A giant cockroach (D:2)
  10 goblins
  10 hobgoblins
  20 jackals
  9 kobolds
  4 quokkas
  9 ball pythons
  6 frilled lizards
  3 gnoll skeletons (Ossuary)
  5 kobold skeletons (Ossuary)
  17 orc skeletons (Ossuary)
  7 rats
183 creatures vanquished.

Vanquished Creatures (collateral kills)
  3 bats (D:7)
3 creatures vanquished.

Vanquished Creatures (others)
  A hobgoblin (D:3)
  42 plants (D:5)
43 creatures vanquished.

Grand Total: 229 creatures vanquished

Notes
Turn   | Place    | Note
-------+----------+-------------------------------------------
     0 | D:1      | senseless the Demonspawn Berserker began the quest for the
                  | Orb.
     0 | D:1      | Reached XP level 1. HP: 18/18 MP: 1/1
   381 | D:1      | Gained mutation: You have sharp fingernails. [demonic
                  | ancestry]
   381 | D:1      | Reached XP level 2. HP: 24/24 MP: 2/2
  1105 | D:2      | Reached XP level 3. HP: 20/29 MP: 3/3
  1725 | D:2      | Reached ** piety under Trog
  1940 | D:2      | Gained mutation: Your demonic aura sometimes causes spilled
                  | blood to erupt in flames. [demonic ancestry]
  1940 | D:2      | Reached XP level 4. HP: 34/35 MP: 4/4
  2104 | D:2      | Found a faded altar of an unknown god.
  2419 | D:2      | Gained mutation: You are somewhat resistant to further
                  | mutation. [potion of mutation]
  2419 | D:2      | Gained mutation: Your muscles are strong. (Str +2) [potion
                  | of mutation]
  2778 | D:3      | Reached XP level 5. HP: 33/42 MP: 5/5
  2780 | D:3      | Found a stormy altar of Qazlal.
  2947 | D:3      | Reached *** piety under Trog
  2948 | D:3      | Reached skill level 1 in Stealth
  3513 | D:4      | Found an opulent altar of Gozag.
  3586 | D:4      | Reached skill level 4 in Fighting
  3664 | D:4      | Gained mutation: You are partially covered in razor-sharp
                  | scales. (AC +1, Slay +1) [demonic ancestry]
  3664 | D:4      | Reached XP level 6. HP: 48/48 MP: 6/6
  4091 | D:4      | Noticed a steam dragon
  4100 | D:4      | Killed a steam dragon
  4101 | D:4      | Reached skill level 5 in Axes
  4498 | D:5      | Entered Level 5 of the Dungeon
  4552 | D:5      | Identified the +12 mace of Jov Gag {vorpal, rElec rPois
                  | rC++}
  4590 | D:5      | Found a shimmering altar of Xom.
  4602 | D:5      | Gained mutation: A weak demonic guardian rushes to your
                  | aid. [demonic ancestry]
  4602 | D:5      | Reached XP level 7. HP: 39/55 MP: 7/7
  4728 | D:5      | Reached skill level 1 in Shields
  4733 | D:5      | Reached skill level 1 in Maces & Flails
  4981 | D:5      | Reached skill level 5 in Fighting
  5648 | D:6      | Reached **** piety under Trog
  5655 | D:6      | Reached XP level 8. HP: 61/63 MP: 8/8
  5979 | D:6      | Found a sand-covered staircase.
  5984 | Ossuary  | Entered an ossuary
  6076 | Ossuary  | Reached skill level 6 in Fighting
  6642 | D:7      | Slain by a steam dragon

Illustrated notes

Levels and vault maps discovered:
D:1:      co_arrival_square_in_a_square_in_a_square, layout_basic,
          minmay_misc_feat_columns, minmay_pentomino_v2
D:2:      layout_basic, chequers_ecumenical_altar_simple_redux, minmay_bisected
D:3:      layout_loops_ring, nicolae_qazlal_scattered_showers
D:4:      layout_basic, grunt_gozag_breadcrumbs
D:5:      wad_woods_stonehenge, layout_basic
D:6:      layout_cave_pools, enter_ossuary_5
D:7:      cheibrodos_steamvent, layout_loops_cross, kennysheep_little_box,
          temple_statues, roderic_batcave

Skill      XL: |  1  2  3  4  5  6  7  8 |
---------------+-------------------------+-----
Axes           | 3 4 5 |  5.3
Dodging        | 2 3 4 |  4.4
Armour         | 2 3 4 |  4.1
Stealth        | 1 |  1.1
Fighting       | 4 5 6 |  6.8
Shields        | 1 3 |  3.0
Maces & Flails | 1 2 |  2.9

Action                   |  1- 3 |  4- 6 |  7- 9 || total
-------------------------+-------+-------+-------++-------
Melee: Hand axe          |   119 |   167 |       ||   286
       Mace              |       |    20 |   125 ||   145
Invok: Berserk           |     9 |     4 |     4 ||    17
  Use: Scroll            |     1 |     6 |     4 ||    11
       Potion            |       |     1 |       ||     1
 Stab: Sleeping          |     1 |     1 |       ||     2
Armor: Animal skin       |    13 |       |       ||    13
       Leather armour    |    25 |    81 |    71 ||   177
Dodge: Dodged            |    96 |   136 |   140 ||   372

Table legend: (Time is in decaauts)
 A = Elapsed time spent in this place.
 B = Non-inter-level travel time spent in this place.
 C = Inter-level travel time spent in this place.
 D = Time resting spent in this place.
 E = Time spent auto-exploring this place.
 F = Levels seen in this place.
 G = Mean time per level.
                   A        B        C        D        E       F      G
               +--------+--------+--------+--------+--------+-----+--------+
         Total |   6853 |   6624 |    229 |    857 |   4685 |   8 |  856.6 |
       Dungeon |   6619 |   6390 |    229 |    805 |   4593 |   7 |  945.6 |
       Ossuary |    234 |    234 |      0 |     52 |     92 |   1 |  234.0 |
               +--------+--------+--------+--------+--------+-----+--------+

Top non-repeatable levels by time:
     D:2: 1389 daAuts
     D:5: 1160 daAuts
     D:1: 1148 daAuts
     D:4: 1116 daAuts
     D:3: 988 daAuts
     D:6: 546 daAuts
     D:7: 270 daAuts
 Ossuary: 234 daAuts
